AoeStats
← Azatapower

Enclosed

505341424Analyzed
1v1 RM · 23d ago on Sep 8, 2026· 15m 47s· 2 players
Game mode
Random Map
Map size
Tiny (2 player)
Population
200
Speed
Normal
Resources
Standard
Victory
Conquest
Starting age
Dark Age
Ending age
Imperial Age
RankedLock teamsTeams togetherTeam positionsShared explorationLock speedFull tech treeHidden civsTurbo modeCheats
Victory
Defeat
🇺🇸 Romans · United States
1318
+17
🇧🇷 Georgians · Brazil
1344
-17
TRX
6:33 Loom
8:51 Feudal Age
8:55 Man-at-Arms
10:57 Scale Mail Armor
15:45 Forging
Azatapower
6:17 Loom
9:33 Feudal Age
10:20 Horse Collar
10:53 Double-Bit Axe
14:21 Fletching
Connection lost

Rejoining the realm…

Still unreachable

The connection could not be restored.

Session expired

The server has moved on; the page needs a fresh start.